 Dungeon Crawl Stone Soup version 0.30-a0-830-gfe289a77b0 (webtiles) character file.

Game seed: 11675199220212480118

2 Esekla the Sneak (level 1, -10/16 HPs)
             Began as an Octopode Delver on Mar 1, 2023.
             Mangled by Prince Ribbit (17 damage)
             ... on level 5 of the Dungeon.
             The game lasted 00:01:38 (135 turns).

Esekla the Sneak (Octopode Delver)                   Turns: 135, Time: 00:01:38

Health: -10/16     AC:  1    Str: 11    XL:     1   Next: 30%
Magic:  1/1        EV: 13    Int: 12    God:
Gold:   16         SH:  0    Dex: 13    Spells: 0/0 levels left

rFire   . . .      SeeInvis .    a - +0 falchion
rCold   . . .      Faith    .    (no shield)
rNeg    . . .      Spirit   .    (helmet restricted)
rPois   .          Reflect  .    (no amulet)
rElec   .          Harm     .    (no ring)
rCorr   .          Rampage  .    (no ring)
Will    .....                    (no ring)
Stlth   ++++                     (no ring)
HPRegen 0.22/turn                (no ring)
MPRegen 0.07/turn                (no ring)
                                 (no ring)
                                 (no ring)

@: lethally poisoned (-10 -> -20)
A: almost no armour, amphibious, 8 rings, camouflage 1, gelatinous body 1,
(nimble swimmer 1), tentacles
a: no special abilities


You were on level 5 of the Dungeon.
You visited 1 branch of the dungeon, and saw 1 of its levels.

You collected 16 gold pieces.

Inventory:

Hand Weapons
 a - a +0 falchion (weapon)
Wands
 f - a wand of digging (3)
Scrolls
 b - a scroll of fog
Potions
 c - a potion of curing {unknown}
 e - 2 potions of haste


   Skills:
 * Level 3.0 Fighting
 * Level 2.0 Long Blades
 * Level 2.0 Dodging
 + Level 6.6 Stealth


You couldn't memorise any spells.
You didn't know any spells.
Your spell library was empty.

Dungeon Overview and Level Annotations

Branches:
Dungeon (5/15)
 Temple: D:4-7

Altars:
Fedhas
Xom
Zin

Shops:
D:5 !

Annotations:
D:5 Prince Ribbit


Innate Abilities, Weirdness & Mutations

You cannot wear most types of armour.
You are amphibious.
You can wear up to eight rings at the same time.
Your skin changes colour to match your surroundings (Stealth+).
Your rubbery body absorbs attacks. (AC +1, EV +1)
((You are camouflaged when in or above water. (Stealth+)))
You have tentacles for arms and can constrict up to eight enemies at once.


Message History

Things that are here:
a +0 war axe; a +0 leather armour You start resting.
HP restored.
An adder comes into view.
Found a stone staircase leading down.
A jelly comes into view.
The jelly quivers.
You open the door.
Found Emoesse's Distillery.
There is an open door here.
There is an entrance to Emoesse's Distillery here.
You can access your shopping list by pressing '$'.
You open the door.
There is an open door here.
Found 4 stones.
Found a viscous blue potion.
Found a stone staircase leading down.
Okay, then.
Found 16 gold pieces.
As you read the scroll of fear, it crumbles to dust.
You assume a fearsome visage.
The jelly looks frightened!
You now have 16 gold pieces.
c - a viscous blue potion
Found a pair of gloves.
Prince Ribbit and an orc come into view.
Found a stone staircase leading up.
A scorpion comes into view.
Found an iron ring and 7 gold pieces.
Prince Ribbit gives a loud, deep croak!
The orc shouts!
Prince Ribbit misses you. Prince Ribbit hits you.
The scorpion attacks as you move away! The scorpion stings you.
An adder comes into view.
Found a glowing silver altar of Zin.
You see here 7 gold pieces.
Prince Ribbit winks and puckers his lips.
Prince Ribbit barely misses you. The scorpion stings you.
You are lethally poisoned!
The scorpion poisons you! Prince Ribbit hits you!
Ouch! That really hurt!
You die...

*##,,+,._.,+,*
#....**###**,* #....* ###
*,* #....######*,*
#.........,,,*
#........#*,,*
#.[......###.##
#......F$.....#*********
#.....os@####.S.,,,,,,,**
#.......=# **********,,,
####.##### **** #.# ###
#.# ##.' ###.##
#######..# #....#
##.......## #....#
##..#######. #....#
##..## ##..


You could see Prince Ribbit, a scorpion and an orc.

Vanquished Creatures
  An orc (D:5)
1 creature vanquished.

Notes
Turn   | Place    | Note
-------+----------+-------------------------------------------
     0 | D:5      | Esekla the Octopode Delver began the quest for the Orb.
     0 | D:5      | Reached XP level 1. HP: 16/16 MP: 1/1
    16 | D:5      | Found a shimmering altar of Xom.
    22 | D:5      | Found a blossoming altar of Fedhas.
    90 | D:5      | Noticed a jelly
    92 | D:5      | Found Emoesse's Distillery.
   129 | D:5      | Noticed Prince Ribbit
   130 | D:5      | Noticed a scorpion
   134 | D:5      | Found a glowing silver altar of Zin.
   135 | D:5      | Mangled by Prince Ribbit

Illustrated notes

Levels and vault maps discovered:
D:5:      layout_rooms, lemuel_doored_altar, minitemple, serial_shops,
          nicolae_shop_behind_doors, minmay_misc_feat_encased,
          minmay_small_thing, uniq_prince_ribbit1

Action                     || total
---------------------------++-------
  Melee: Falchion          ||     2
    Use: Scroll            ||     2
   Stab: Sleeping          ||     1
  Dodge: Dodged            ||     2

Table legend: (Time is in decaauts)
 A = Elapsed time spent in this place.
 B = Non-inter-level travel time spent in this place.
 C = Inter-level travel time spent in this place.
 D = Time resting spent in this place.
 E = Time spent auto-exploring this place.
 F = Levels seen in this place.
 G = Mean time per level.
                   A        B        C        D        E       F      G
               +--------+--------+--------+--------+--------+-----+--------+
         Total |    135 |    135 |      0 |     44 |      0 |   1 |  135.0 |
       Dungeon |    135 |    135 |      0 |     44 |      0 |   1 |  135.0 |
               +--------+--------+--------+--------+--------+-----+--------+

Top non-repeatable levels by time:
     D:5: 135 daAuts
